 Dungeon Crawl Stone Soup version 0.26-a0-1058-g8dc6ce00ff (webtiles) character file.

Game seed: 16949079482747009802

19424 Lederli the Geomancer (level 12, -8/72 HPs)
             Began as a Gargoyle Earth Elementalist on Dec 13, 2020.
             Was an Elder of Vehumet.
             Killed from afar by Frances (34 damage)
             ... with a shard of ice
             ... on level 12 of the Dungeon.
             The game lasted 00:40:17 (13974 turns).

Lederli the Geomancer (GrEE)                       Turns: 13974, Time: 00:40:21

Health: -8/72      AC: 19    Str: 12    XL:     12   Next: 68%
Magic:  5/24       EV: 14    Int: 21    God:    Vehumet [****..]
Gold:   767        SH:  0    Dex: 10    Spells: 2/27 levels left

rFire    . . .     SeeInvis .   o - +5 great sword (freeze)
rCold    . . .     Faith    .   (shield currently unavailable)
rNeg     + . .     Spirit   .   C - +2 steam dragon scales
rPois    ∞         Reflect  .   u - +0 helmet
rElec    +         Harm     .   H - +0 cloak {rCorr}
rCorr    +         Rampage  .   (no gloves)
Will     +....                  (no boots)
Stlth    ++........             a - amulet of regeneration
HPRegen  0.62/turn              t - ring of willpower
MPRegen  0.19/turn              m - ring of resist corrosion

@: mighty
A: negative energy resistance 1, electricity resistance, unbreathing,
petrification resistance, rot immunity, AC +8
a: Renounce Religion


You were on level 12 of the Dungeon.
You worshipped Vehumet.
Vehumet was greatly pleased with you.
You visited 2 branches of the dungeon, and saw 13 of its levels.
You also visited: Ossuary.

You collected 1213 gold pieces.
You spent 446 gold pieces at shops.

Inventory:

Hand Weapons
 d - a +0 vorpal flail
 o - a +5 great sword of freezing (weapon)
 G - a +0 morningstar
Missiles
 b - 364 stones (quivered)
Armour
 e - a +0 leather armour of cold resistance
 u - a +0 helmet (worn)
 C - +2 steam dragon scales (worn)
 H - a +0 cloak of preservation (worn)
Jewellery
 a - an amulet of regeneration (around neck)
 m - a ring of resist corrosion (right hand)
 r - an uncursed ring of flight
 t - a ring of willpower (left hand)
Wands
 c - a wand of polymorph (6)
 p - a wand of paralysis (4)
 v - a wand of iceblast (20)
Scrolls
 h - a scroll of magic mapping
 k - 3 scrolls of identify
 n - a scroll of immolation
 q - 10 scrolls of teleportation
 x - 3 scrolls of fog
 y - 7 scrolls of remove curse
 z - 5 scrolls of fear
 D - a scroll of blinking
Potions
 f - 3 potions of attraction
 g - 3 potions of haste
 i - 5 potions of flight
 j - 4 potions of lignification
 l - 2 potions of ambrosia
 s - 4 potions of curing
 w - 4 potions of heal wounds
 B - 2 potions of magic
 E - a potion of resistance
 F - 2 potions of cancellation
 I - a potion of invisibility


   Skills:
 + Level 7.3 Fighting
 + Level 6.7 Maces & Flails
 - Level 6.0 Armour
 + Level 5.9 Dodging
 - Level 2.1 Stealth
 + Level 8.0 Spellcasting
 + Level 8.9 Conjurations
 - Level 0.7 Transmutations
 * Level 2.5 Fire Magic
 + Level 10.5 Earth Magic
 + Level 6.2 Evocations


You had 2 spell levels left.
You knew the following spells:

 Your Spells              Type           Power        Failure   Level
a - Sandblast             Erth           ######       1%          1
b - Stone Arrow           Conj/Erth      #####.       1%          3
c - Lee's Rapid Deconstr  Erth           ######....   1%          5
d - Iron Shot             Conj/Erth      #####.....   6%          6
e - Bolt of Magma         Conj/Fire/Erth #####.....   3%          5
f - Irradiate             Conj/Tmut      ####......   9%          5

Your spell library contained the following spells:

 Spells                   Type           Power        Failure   Level
 Dazzling Flash           Conj/Hex       ####..       1%          3
 Passwall                 Tmut/Erth      ####....     1%          2
 Beastly Appendage        Tmut           ##....       6%          1
 Sting                    Tmut/Pois      #...         7%          1
 Animate Skeleton         Necr           #.....       8%          1
 Apportation              Tloc           #.....       8%          1
 Corona                   Hex            #......      8%          1
 Summon Small Mammal      Summ           #...         8%          1
 Wereblood                Tmut           ##......     9%          2
 Poisonous Vapours        Pois/Air       #.....       12%         2
 Mephitic Cloud           Conj/Pois/Air  ###.....     1%          3
 Iskenderun's Battlesphe  Conj           #####...     1%          5
 Ignite Poison            Fire/Tmut/Pois ##......     4%          3
 Petrify                  Tmut/Erth      ####....     8%          4
 Spider Form              Tmut/Pois      #.........   21%         3
 Olgreb's Toxic Radiance  Pois           #.......     21%         4
 Orb of Destruction       Conj           #####.....   38%         7
 Ice Form                 Ice/Tmut       #.......     56%         4
 Blade Hands              Tmut           ##........   86%         5
 Spellforged Servitor     Conj/Summ      ####......   92%         7
 Hydra Form               Tmut           ##........   100%        6
 Dragon Form              Tmut           ##........   100%        7
 Statue Form              Tmut/Erth      Unusable     N/A         6

Dungeon Overview and Level Annotations

Branches:
Dungeon (12/15)            Temple (1/1) D:6            Lair (0/6) D:10
    Orc (0/2) D:10        Ossuary (visited)

Altars:
Ashenzari
Cheibriados
Dithmenos
Elyvilon
Fedhas
Gozag
Hepliaklqana
Kikubaaqudgha
Makhleb
Nemelex Xobeh
Okawaru
Qazlal
Ru
Sif Muna
Trog
Uskayaw
Vehumet
Wu Jian
Xom
Yredelemnul
Zin
The Shining One

Shops:
D:4 *   D:5 (   D:9 [

Annotations:
D:12 Frances


Innate Abilities, Weirdness & Mutations

You are resistant to torment.
Your stone body is resilient. (AC +8)
You are immune to poison.
You resist negative energy. (rN+)
You are resistant to electric shocks. (rElec)
You can survive without breathing.
You are immune to petrification.
You are immune to rotting.


Message History

* * * LOW HITPOINT WARNING * * *
Frances hits you with a +0 long sword!
* * * LOW HITPOINT WARNING * * *
You barely miss Frances.
Frances is severely wounded.
Frances barely misses you.
You riposte.
You hit Frances. You freeze Frances.
Frances is severely wounded.
Frances hits you but does no damage. Frances hits you with a +0 long sword.
* * * LOW HITPOINT WARNING * * *
Unknown command.
You feel much better. Frances barely misses you.
You feel very mighty all of a sudden. Frances hits you with a +0 long sword.
You slash Frances! You freeze Frances.
Frances is severely wounded.
Frances closely misses you.
You riposte.
You hit Frances. You freeze Frances.
Frances is severely wounded.
Frances screams a word of power!
The shard of ice hits you!!
You die...

.......# #...#...((....#...#
.......#......#...#........(#...#
.......#......#...#...())(..#...#
##.....#...(..#...#####)#####...#
###.###..>.$.#.....(..)........#
#.# .......#....((..(....(...#
#.# .......#....(#######'#...#
#.# ......)#....(#.......#...#
#.# ..)....'@@..(#.......#...#
####.# .......#.....###.....##...
.....# .......#.......#......#...
.....#####....#.......#......#...
.........######.......#......'...
...)..................######+#...
.................................
###.........###'#........>.......
..#...#######...#.(..............


You could see Frances (fast).

Vanquished Creatures
  A centaur warrior (D:9)
  3 two-headed ogres
  An unseen horror (D:12)
  2 manticores (D:12)
  2 ugly things
  3 centaur zombies
  3 cyclopes
  Joseph (D:7)
  Maggie (D:7)
  A komodo dragon (D:10)
  4 trolls
  A merfolk (D:12)
  A slime creature (D:9)
  A vampire (D:9)
  4 wraiths
  A wyvern (D:8)
  11 yaks
  Menkaure (D:6)
  2 water moccasins
  An acid dragon (D:9)
  9 orc warriors
  Duvessa (D:7)
  4 black bears
  A sky beast (D:7)
  7 ice beasts
  An eye of draining (D:11)
  3 phantoms
  4 ogres
  18 centaurs
  2 big kobolds (D:9)
  6 bullfrogs
  Blork the orc (D:4)
  A wyvern zombie (D:9)
  Dowan (D:7)
  4 scorpions
  2 water moccasin skeletons
  11 killer bees
  16 wights
  A howler monkey (D:9)
  2 bullfrog skeletons
  2 jellies (D:9)
  7 orc priests
  3 hounds
  6 iguanas
  14 orc wizards
  9 worker ants
  2 hound skeletons
  A hound zombie (D:6)
  A howler monkey zombie (D:9)
  3 worker ant zombies
  4 gnolls (D:7)
  A howler monkey skeleton (D:9)
  5 adders
  2 shadow imps
  3 white imps
  2 ufetubi
  An adder skeleton (D:9)
  2 adder zombies
  2 worms
  2 dart slugs
  6 leopard geckos
  48 orcs
  5 giant cockroaches
  11 goblins
  14 hobgoblins
  12 jackals
  9 kobolds
  4 quokkas
  8 ball pythons
  4 bats
  3 frilled lizards
  A hobgoblin skeleton (Ossuary)
  2 hobgoblin zombies (Ossuary)
  A jackal skeleton (D:5)
  A kobold zombie (Ossuary)
  2 orc zombies (Ossuary)
  11 rats
354 creatures vanquished.

Vanquished Creatures (others)
  5 fungi (D:10)
  3 plants (D:10)
8 creatures vanquished.

Grand Total: 362 creatures vanquished

Notes
Turn   | Place    | Note
-------+----------+-------------------------------------------
     0 | D:1      | Lederli the Gargoyle Earth Elementalist began the quest for
                  | the Orb.
     0 | D:1      | Reached XP level 1. HP: 10/10 MP: 3/3
   189 | D:1      | Reached XP level 2. HP: 11/15 MP: 5/5
   207 | D:1      | Reached skill level 4 in Earth Magic
  1357 | D:2      | Reached XP level 3. HP: 19/19 MP: 2/6
  1367 | D:2      | Learned a level 3 spell: Stone Arrow
  1988 | D:2      | Reached skill level 1 in Conjurations
  2221 | D:2      | Reached XP level 4. HP: 24/24 MP: 8/8
  2673 | D:3      | Reached skill level 5 in Earth Magic
  2677 | D:3      | Reached XP level 5. HP: 18/28 MP: 2/9
  2904 | D:3      | Found a faded altar of an unknown god.
  3506 | D:3      | Found an opulent altar of Gozag.
  3721 | D:4      | Noticed Blork the orc
  3849 | D:4      | Found Nofor's General Store.
  3916 | D:4      | Reached XP level 6. HP: 23/32 MP: 7/11
  3929 | D:4      | Found a sand-covered staircase.
  3936 | Ossuary  | Entered an ossuary
  4265 | Ossuary  | Noticed a wraith
  4265 | Ossuary  | Noticed a flying skull
  4283 | Ossuary  | Noticed a flying skull
  4288 | Ossuary  | Noticed a flying skull
  4319 | Ossuary  | Noticed a wraith
  4348 | Ossuary  | Killed a wraith
  4349 | Ossuary  | Reached skill level 6 in Earth Magic
  4349 | Ossuary  | Reached XP level 7. HP: 36/36 MP: 4/13
  4513 | Ossuary  | Noticed a flying skull
  4535 | Ossuary  | Noticed a wraith
  4551 | Ossuary  | Killed a wraith
  4787 | D:4      | Reached skill level 7 in Earth Magic
  5020 | D:4      | Reached skill level 5 in Spellcasting
  5020 | D:4      | Killed Blork the orc
  5021 | D:4      | Reached XP level 8. HP: 21/42 MP: 15/15
  5062 | D:4      | Learned a level 5 spell: Lee's Rapid Deconstruction
  5191 | D:5      | Entered Level 5 of the Dungeon
  5224 | D:5      | Reached skill level 1 in Fighting
  5224 | D:5      | Reached skill level 1 in Maces & Flails
  5224 | D:5      | Reached skill level 1 in Armour
  5224 | D:5      | Reached skill level 5 in Conjurations
  5261 | D:5      | Found a glowing golden altar of the Shining One.
  5262 | D:5      | Found a white marble altar of Elyvilon.
  5263 | D:5      | Found a glowing silver altar of Zin.
  5316 | D:5      | Reached skill level 1 in Evocations
  5343 | D:5      | Found Ypsozxen's Antique Weapon Emporium.
  5374 | D:5      | Bought a translucent mace for 184 gold pieces
  5374 | D:5      | Identified the +1 mace of Jeeruyku {vorpal, rPois} (You
                  | bought it in a shop on level 5 of the Dungeon)
  5668 | D:5      | Found a burning altar of Makhleb.
  5996 | D:6      | Noticed Menkaure
  6024 | D:6      | Killed Menkaure
  6025 | D:6      | Reached XP level 9. HP: 49/49 MP: 7/17
  6124 | D:6      | Found a staircase to the Ecumenical Temple.
  6133 | Temple   | Entered the Ecumenical Temple
  6708 | D:6      | Found a radiant altar of Vehumet.
  6708 | D:6      | Found an iron altar of Okawaru.
  6712 | D:6      | Became a worshipper of Vehumet
  6965 | D:7      | Noticed Maggie
  6973 | D:7      | Killed Maggie
  6974 | D:7      | Reached skill level 8 in Earth Magic
  7104 | D:7      | Noticed Duvessa
  7108 | D:7      | Noticed Dowan
  7110 | D:7      | Killed Duvessa
  7115 | D:7      | Killed Dowan
  7282 | D:7      | Identified a scroll of acquirement
  7282 | D:7      | Acquired a book of Power
  7292 | D:7      | Learned a level 6 spell: Iron Shot
  7538 | D:7      | Noticed Joseph
  7552 | D:7      | Killed Joseph
  7804 | D:8      | Found a blossoming altar of Fedhas.
  7809 | D:8      | Found a stormy altar of Qazlal.
  7872 | D:8      | Found a sacrificial altar of Ru.
  7881 | D:8      | Reached * piety under Vehumet
  7881 | D:8      | Offered knowledge of Freeze by Vehumet.
  7887 | D:8      | Reached XP level 10. HP: 56/56 MP: 19/19
  8713 | D:9      | Found an ancient bone altar of Kikubaaqudgha.
  8967 | D:9      | Offered knowledge of Magic Dart by Vehumet.
  9124 | D:9      | Reached ** piety under Vehumet
  9145 | D:9      | Noticed a cyclops
  9154 | D:9      | Killed a cyclops
  9155 | D:9      | Reached skill level 5 in Armour
  9155 | D:9      | Reached skill level 9 in Earth Magic
  9209 | D:9      | Noticed a two-headed ogre
  9214 | D:9      | Killed a two-headed ogre
  9215 | D:9      | Reached skill level 5 in Fighting
  9222 | D:9      | Reached XP level 11. HP: 35/64 MP: 2/21
  9432 | D:9      | Noticed a centaur warrior
  9432 | D:9      | Noticed a cyclops
  9444 | D:9      | Killed a centaur warrior
  9451 | D:9      | Killed a cyclops
  9452 | D:9      | Reached skill level 5 in Maces & Flails
  9624 | D:9      | Offered knowledge of Static Discharge by Vehumet.
 10126 | D:9      | Reached *** piety under Vehumet
 10228 | D:9      | Reached skill level 5 in Evocations
 10371 | D:9      | Found a snail-covered altar of Cheibriados.
 10373 | D:9      | Found Ujineng's Antique Armour Shoppe.
 10421 | D:9      | Bought a runed cloak for 262 gold pieces
 10665 | D:10     | Entered Level 10 of the Dungeon
 10749 | D:10     | Found a staircase to the Orcish Mines.
 10843 | D:10     | Offered knowledge of Sticky Flame by Vehumet.
 11015 | D:10     | Reached skill level 5 in Dodging
 11752 | D:10     | Found a staircase to the Lair.
 11881 | D:11     | Noticed a purple ugly thing
 11888 | D:11     | Killed a purple ugly thing
 11998 | D:11     | Reached skill level 10 in Earth Magic
 12082 | D:11     | Reached XP level 12. HP: 71/71 MP: 23/23
 12100 | D:11     | Reached **** piety under Vehumet
 12882 | D:12     | Noticed a boulder beetle
 12886 | D:12     | a boulder beetle changed into a merfolk
 12917 | D:12     | Noticed a two-headed ogre
 12924 | D:12     | Killed a two-headed ogre
 13016 | D:12     | Offered knowledge of Dazzling Flash by Vehumet.
 13152 | D:12     | Learned a level 5 spell: Bolt of Magma
 13171 | D:12     | Reached skill level 1 in Fire Magic
 13446 | D:12     | Learned a level 5 spell: Irradiate
 13457 | D:12     | Noticed a two-headed ogre
 13461 | D:12     | Killed a two-headed ogre
 13908 | D:12     | Found an ancient bone altar of Kikubaaqudgha.
 13960 | D:12     | Noticed Frances
 13971 | D:12     | HP: 2/72 [Frances/+0 long sword (5)]
 13974 | D:12     | Killed from afar by Frances

Illustrated notes

Levels and vault maps discovered:
D:1:      evilmike_arrival_crescent, layout_basic,
          chequers_serial_rivers_small_b
D:2:      layout_rooms
D:3:      layout_basic, nicolae_gozag_cash_rules_everything_around_me,
          chequers_ecumenical_altar_simple_redux, kennysheep_generic_room_8
D:4:      layout_loops_ring, chequers_ossuary_entry_cave, serial_shops, shop,
          uniq_blork_the_orc
D:5:      layout_rooms, good_gods_temple_1, kennysheep_little_box, serial_shops,
          shop
D:6:      layout_loops_ring, gammafunk_temple_overflow_elements,
          minmay_temple_entry_ruins, uniq_menkaure
D:7:      layout_basic, uniq_joseph, uniq_maggie, uniq_duvessa
D:8:      layout_loops_ring, fedhas_ov_isle_minmay,
          nicolae_ru_great_annihilating_truth, grunt_qazlal_clouds
D:9:      minmay_the_grid_3x3 [minmay_the_grid_outer_diamond,
          minmay_the_grid_slots, minmay_the_grid_expand, minmay_the_grid_tree,
          minmay_the_grid_tiny_cups, minmay_the_grid_diamond_grid,
          minmay_the_grid_dragon_b, minmay_the_grid_broken_lines,
          minmay_the_grid_prize_big_room], layout_layer_cave,
          kiku_gazebo_pond_becter, cheibriados_altar_1, serial_shops,
          nicolae_shop_statue_plus, minmay_misc_feat_five
D:10:     layout_cave_pods, grunt_lair_entry_orc_guard_hut, david_orc_1_choice
D:11:     layout_gridville, kennysheep_generic_room_7
D:12:     layout_irregular_city, basic_altar, uniq_frances
Temple:   eino_temple_lava

Skill      XL: |  1  2  3  4  5  6  7  8  9 10 11 12 |
---------------+-------------------------------------+-----
Earth Magic    | 4 5 6 7 8 9 10 | 10.5
Conjurations   | 1 2 3 4 5 6 7 8 |  8.9
Spellcasting   | 3 4 5 6 7 8 |  8.0
Fighting       | 2 3 5 6 7 |  7.3
Maces & Flails | 2 3 4 6 |  6.7
Armour         | 2 4 5 6 |  6.0
Evocations     | 1 3 4 5 6 |  6.2
Dodging        | 2 3 4 5 |  5.9
Fire Magic     | 2 |  2.5
Stealth        | |  2.1
Transmutations | |  0.7

Action                   |  1- 3 |  4- 6 |  7- 9 | 10-12 || total
-------------------------+-------+-------+-------+-------++-------
Melee: Mace              |    75 |       |    90 |       ||   165
       Dagger            |    50 |   152 |       |       ||   202
       Great sword       |       |    12 |   171 |   502 ||   685
       Unarmed           |       |       |       |     2 ||     2
 Cast: Sandblast         |    10 |    30 |    26 |    17 ||    83
       Stone Arrow       |       |     2 |     9 |    25 ||    36
       Lee's Rapid Decon |       |       |     5 |    28 ||    33
       Iron Shot         |       |       |       |    20 ||    20
Evoke: Wand              |       |       |     6 |     9 ||    15
  Use: Scroll            |       |    16 |    11 |    11 ||    38
       Potion            |       |     3 |     2 |     4 ||     9
 Stab: Sleeping          |     4 |     7 |     3 |     5 ||    19
       Paralysed         |       |       |     2 |       ||     2
       Distracted        |       |       |       |     1 ||     1
Armor: Robe              |    41 |    40 |   115 |       ||   196
       Skin              |       |    27 |    20 |       ||    47
       Steam dragon scal |       |       |    26 |   429 ||   455
Dodge: Dodged            |    82 |    91 |   220 |   579 ||   972
       Rpst.: Great sword |       |     2 |    47 |   163 ||   212

Table legend: (Time is in decaauts)
 A = Elapsed time spent in this place.
 B = Non-inter-level travel time spent in this place.
 C = Inter-level travel time spent in this place.
 D = Time resting spent in this place.
 E = Time spent auto-exploring this place.
 F = Levels seen in this place.
 G = Mean time per level.
                   A        B        C        D        E       F      G
               +--------+--------+--------+--------+--------+-----+--------+
         Total |  14558 |  14230 |    328 |   1292 |   9226 |  14 | 1039.9 |
       Dungeon |  13669 |  13341 |    328 |    920 |   9113 |  12 | 1139.1 |
        Temple |    106 |    106 |      0 |      0 |     68 |   1 |  106.0 |
       Ossuary |    782 |    782 |      0 |    372 |     45 |   1 |  782.0 |
               +--------+--------+--------+--------+--------+-----+--------+

Top non-repeatable levels by time:
     D:9: 2328 daAuts
     D:1: 1358 daAuts
    D:10: 1238 daAuts
     D:3: 1169 daAuts
     D:2: 1146 daAuts
    D:12: 1139 daAuts
    D:11: 1073 daAuts
     D:7: 1069 daAuts
     D:4: 845 daAuts
     D:8: 808 daAuts
 Ossuary: 782 daAuts
     D:6: 779 daAuts
     D:5: 711 daAuts
  Temple: 106 daAuts
